 Dungeon Crawl Stone Soup version 0.31-a0-188-g5e087ee2ca (webtiles) character file.

Game seed: 4532700851010968485

126 qw the Skirmisher (level 4, 0/25 HPs)
             Began as a Deep Elf Hunter on June 23, 2023.
             Slain by an orc
             ... wielding a +0 flail
              (3 damage)
             ... on level 3 of the Dungeon.
             The game lasted 00:00:48 (1332 turns).

qw the Skirmisher (Deep Elf Hunter)                 Turns: 1332, Time: 00:00:48

Health: 0/25       AC:  6    Str: 10    XL:     4   Next: 84%
Magic:  6/6        EV: 11    Int: 14    God:
Gold:   88         SH:  0    Dex: 18    Spells: 3/3 levels left

rFire   . . .        Y - +0 shortbow
rCold   . . .        (shield currently unavailable)
rNeg    . . .        d - +0 ring mail
rPois   .            (no helmet)
rElec   .            (no cloak)
rCorr   .            (no gloves)
SInv    .            c - +0 pair of boots
Will    .....        e - amulet of faith
Stlth   +            (no ring)
HPRegen 0.24/turn    (no ring)
MPRegen 0.10/turn

%: faith
@: no status effects
A: no striking features
a: no special abilities


You were on level 3 of the Dungeon.
You visited 1 branch of the dungeon, and saw 3 of its levels.

You collected 88 gold pieces.


   Skills:
 - Level 1.5 Fighting
 + Level 8.2 Ranged Weapons
 - Level 2.4 Dodging
 - Level 1.2 Stealth


You had 3 spell levels left.
You didn't know any spells.
Your spell library was empty.

Inventory:

Hand Weapons
 Y - a +0 shortbow (weapon)
Armour
 c - a +0 pair of boots (worn)
 d - a +0 ring mail (worn)
Jewellery
 e - an amulet of faith (around neck)
Scrolls
 b - a scroll of teleportation {unknown}
 h - 2 scrolls of identify
Potions
 a - a potion of cancellation
 f - a potion of mutation {unknown}
 g - a potion of resistance {unknown}
 i - a potion of enlightenment

Dungeon Overview and Level Annotations

Branches:
Dungeon (3/15)

Altars:
Gozag

Annotations:
D:3 Jessica


Message History

You shoot an arrow. The arrow hits the rat.
You kill the rat!
Something hits you.
You shoot an arrow. The arrow closely misses the orc.
The arrow hits the kobold.
You kill the kobold!
Something hits you.
You shoot an arrow. You shoot an arrow. The arrow hits the orc!
The orc is almost dead.
An orc comes into view. It is wielding a +0 whip.
You shoot an arrow. The orc shouts!
The arrow hits the orc!
You kill the orc!
Something hits you but does no damage.
You shoot an arrow. The arrow completely misses the orc.
The arrow hits the orc.
The orc is heavily wounded.
You hear some strange, mumbled words.
Something tries to affect you, but you resist.
The orc hits you with a +0 flail. Something hits you but does no damage.
You shoot an arrow.
The arrow hits the orc but does no damage.
The orc hits you with a +0 flail.
You hear some strange, mumbled words.
A magic dart appears from out of thin air!
The magic dart hits you.
Jessica the Apprentice Sorceress comes into view.
She is wielding a +0 club.
You shoot an arrow. The arrow barely misses the orc.
Jessica shouts!
The arrow hits the orc!
You kill the orc!
The orc hits you but does no damage. Something hits you.
You shoot an arrow. The arrow hits the orc.
The orc is heavily wounded.
The orc misses you.
Jessica gestures wildly while chanting.
Jessica blinks!
Something hits you but does no damage.
You shoot an arrow. The arrow closely misses the orc.
The orc hits you with a +0 flail.
You die...

##################
%...............>#
##############.#@#
#.{o# ###.# .)#
#)# .). ... ...


You could see an orc.

Vanquished Creatures
  4 adders
  3 worms
  4 dart slugs
  3 orcs (D:3)
  7 endoplasms
  A giant cockroach (D:2)
  7 goblins
  5 hobgoblins
  5 jackals
  4 kobolds
  A quokka (D:1)
  5 ball pythons
  10 bats
  2 frilled lizards
  4 rats
65 creatures vanquished.

Notes
Turn   | Place    | Note
-------+----------+-------------------------------------------
     0 | D:1      | qw the Deep Elf Hunter began the quest for the Orb.
     0 | D:1      | Reached XP level 1. HP: 12/12 MP: 3/3
     0 | D:1      | 0 ||| qw: Version: 0.3-a-9-g12657ce
     0 | D:1      | 0 ||| qw: Game counter: 3812
     0 | D:1      | 0 ||| qw: Always use a shield: true
     0 | D:1      | 0 ||| qw: God list: Okawaru
     0 | D:1      | 0 ||| qw: Allow faded altars: false
     0 | D:1      | 0 ||| qw: Do Orc after D:15 true
     0 | D:1      | 0 ||| qw: Do second Lair branch before Depths: true
     0 | D:1      | 0 ||| qw: Lair rune preference: random
     0 | D:1      | 0 ||| qw: Plans: Normal
     0 | D:1      | 0 ||| PLANNING D:1-11
    96 | D:1      | Reached XP level 2. HP: 14/16 MP: 4/4
   109 | D:1      | Reached skill level 6 in Ranged Weapons
   297 | D:1      | 297 ||| FLEEEEING.
   298 | D:1      | 298 ||| FLEEEEING.
   299 | D:1      | 299 ||| FLEEEEING.
   300 | D:1      | 300 ||| FLEEEEING.
   324 | D:1      | Reached XP level 3. HP: 20/20 MP: 5/5
   553 | D:1      | 553 ||| UPGRADING to +0 ring mail.
   563 | D:1      | 563 ||| DROPPING +0 leather armour.
   564 | D:1      | 564 ||| DROPPING ring of flight.
   565 | D:1      | 565 ||| READING 2 scrolls labelled FELOLAOPOR.
   566 | D:1      | 566 ||| READING 2 scrolls labelled FATHRO FU XUUHI.
   567 | D:1      | 567 ||| DRINKING 2 fuming emerald potions.
   568 | D:1      | 568 ||| DROPPING scroll of revelation.
   569 | D:1      | 569 ||| DROPPING scroll of butterflies.
   588 | D:2      | Reached skill level 7 in Ranged Weapons
   684 | D:2      | Noticed a shining eye
   687 | D:2      | Noticed a shining eye
   689 | D:2      | Found a faded altar of an unknown god.
   699 | D:2      | Noticed an eye of devastation
   733 | D:2      | Reached XP level 4. HP: 25/25 MP: 6/6
   788 | D:2      | Noticed a golden eye
  1026 | D:2      | 1026 ||| UPGRADING to +0 pair of boots.
  1031 | D:2      | 1031 ||| UPGRADING to amulet of faith.
  1036 | D:2      | 1036 ||| READING scroll labelled OLEPRA MIMUU.
  1037 | D:2      | 1037 ||| READING 2 scrolls of identify.
  1037 | D:2      | 1037 ||| IDENTIFYING coppery potion
  1100 | D:3      | Found an opulent altar of Gozag.
  1243 | D:3      | Reached skill level 8 in Ranged Weapons
  1329 | D:3      | HP: 4/25 [something/magic dart (6)]
  1329 | D:3      | Noticed Jessica
  1332 | D:3      | Slain by an orc

Levels and vault maps discovered:
D:1:      ncdulo_watergridlock, layout_rooms, minmay_circled_x
D:2:      layout_basic, hellmonk_ecumenical_altar_watching_god,
          guppyfry_early_lair_pool
D:3:      layout_basic, grunt_gozag_statues, uniq_crazy_yiuf_cottage,
          uniq_jessica

Skill      XL: |  1  2  3  4 |
---------------+-------------+-----
Ranged Weapons | 6 7 8 |  8.2
Fighting       | |  1.5
Dodging        | |  2.4
Stealth        | |  1.2

Action                     |  1- 3 |  4- 6 || total
---------------------------+-------+-------++-------
   Fire: Shortbow          |    94 |    87 ||   181
    Use: Scroll            |     2 |     2 ||     4
         Potion            |     1 |       ||     1
 Armour: Leather armour    |     2 |       ||     2
         Ring mail         |     1 |    17 ||    18
  Dodge: Dodged            |    21 |    16 ||    37

Table legend:
 A = Non-vault XP
 B = Vault XP
 C = Vault XP percentage of total XP
 D = Non-vault monster count
 E = Vault monster count
 F = Vault count percentage of total count
                 A         B        C        D         E       F
            +---------+---------+-------+---------+---------+-------
      Total |     173 |       8 |   4.4 |      61 |       4 |   6.2
            +---------+---------+-------+---------+---------+-------
        D:1 |      45 |       8 |  15.1 |      23 |       4 |  14.8
        D:2 |      75 |       0 |   0.0 |      20 |       0 |   0.0
        D:3 |      53 |       0 |   0.0 |      18 |       0 |   0.0
            +---------+---------+-------+---------+---------+-------
